 Dungeon Crawl Stone Soup version 0.31.0-4-g52a2dc7128 (webtiles) character file.

Game seed: 9559807887068752206

952022 Kallu the Minotaur Barricade (level 27, -4/245 HPs)
             Began as a Minotaur Monk on Jan 22, 2024.
             Was the Champion of the Shining One.
             Slain by Ereshkigal
             ... wielding a +1 morningstar of protection
              (12 damage)
             ... while paralysed by Ereshkigal
             ... on level 7 of Tartarus on Jan 23, 2024.
             The game lasted 04:09:05 (86419 turns).

Kallu the Minotaur Barricade (Minotaur Monk)       Turns: 86419, Time: 04:09:06

Health: -4/245     AC: 61    Str: 36    XL:     27
Magic:  37/39      EV:  2    Int: 17    God:    the Shining One [******]
Gold:   10006      SH:  0    Dex: 11    Spells: 26/26 levels left

rFire   . . .        a - +9 sacred scourge (holy)
rCold   + . .        I - +2 tower shield
rNeg    + + +        E - +11 crystal plate armour {rC+}
rPois   +            v - +3 crown of Dyrovepreva {rElec Int+2 SInv}
rElec   +            d - +4 dragonskin cloak
rCorr   +            w - +2 pair of gloves of the Monk {rPois rCorr Str+3}
SInv    +            s - +2 pair of boots {Stlth+}
Will    +....        Y - amulet of regeneration Stlth
                     k - ring of Toqeun Rish {rC+ Str+5}
HPRegen 1.40/turn    y - ring "Bipiath" {Fly Slay+3}
MPRegen 0.26/turn

%: no passive effects
@: paralysed, mighty, flying, hasted, silenced, weak-willed
A: horns 2, retaliatory headbutt, iridescent scales 1, large bone plates 1,
clever 2, frail 1, sense surroundings 1, poison resistance, wild magic 1,
evolution 2, no potion heal 1, cold vulnerability 1
}: 10/15 runes: decaying, slimy, silver, abyssal, demonic, glowing, magical,
fiery, dark, gossamer
a: Renounce Religion


You were on level 7 of Tartarus.
You worshipped the Shining One.
The Shining One was exalted by your worship.
You visited 14 branches of the dungeon, and saw 63 of its levels.
You visited Pandemonium 1 time, and saw 12 of its levels.
You visited the Abyss 3 times.
You also visited: Ice Cave and Wizlab.

You collected 10874 gold pieces.
You spent 868 gold pieces at shops.

Inventory:

Hand Weapons
 a - a +9 sacred scourge of holy wrath (weapon)
 b - a +6 eveningstar of freezing
Missiles
 m - 12 javelins (quivered)
 x - 2 silver javelins
 K - 5 throwing nets
Armour
 d - the +4 dragonskin cloak (worn)
   (You took it off Tiamat on level 1 of the Realm of Zot)

   Avatar's Aegis: It grants the wearer a chance to resist fire, cold, poison,
   electricity, acid, and negative energy.
 s - a +2 pair of boots of stealth (worn)
 v - the +3 crown of Dyrovepreva (worn) {rElec Int+2 SInv}
   (You found it in a wizard's laboratory)

   Int+2:     It affects your intelligence (+2).
   rElec:     It insulates you from electricity.
   SInv:      It lets you see invisible.
 w - the +2 pair of gloves of the Monk (worn) {rPois rCorr Str+3}
   (You took it off Nikola on level 2 of the Swamp)

   Str+3:     It affects your strength (+3).
   rPois:     It protects you from poison rCorr: It protects you from acid and
   corrosion.
 E - a +11 crystal plate armour of cold resistance (worn)
 I - a +2 tower shield (worn)
Jewellery
 h - a +4 ring of slaying
 k - the ring of Toqeun Rish (left hand) {rC+ Str+5}
   (You took it off a balrug in Pandemonium)

   [ring of protection from cold]

   Str+5:     It affects your strength (+5).
   rC+:       It protects you from cold.
 l - an amulet of reflection
 y - the ring "Bipiath" (right hand) {Fly Slay+3}
   (You found it in a wizard's laboratory)

   [ring of flight]

   Slay+3:    It affects your accuracy & damage with ranged weapons and melee
   (+3).
   Fly:       It grants you flight.
 A - a ring of protection from fire
 U - a ring of willpower
 Y - an amulet of regeneration (around neck)
Wands
 n - a wand of digging (33)
 t - a wand of quicksilver (39)
 C - a wand of iceblast (75)
 J - a wand of flame (146)
 L - a wand of paralysis (124)
 M - a wand of mindburst (68)
 N - a wand of polymorph (29)
Scrolls
 f - 17 scrolls of teleportation
 g - 2 scrolls of silence
 p - 15 scrolls of immolation
 u - 3 scrolls of revelation
 z - 7 scrolls of blinking
 B - 20 scrolls of poison
 F - 11 scrolls of vulnerability
 G - 5 scrolls of fear
 P - 14 scrolls of fog
 V - 2 scrolls of summoning
Potions
 c - 11 potions of ambrosia
 e - 5 potions of resistance
 i - 25 potions of curing
 j - 6 potions of might
 o - 3 potions of heal wounds
 q - 10 potions of attraction
 r - 7 potions of berserk rage
 D - 10 potions of cancellation
 Q - 7 potions of enlightenment
 R - 10 potions of lignification
 T - a potion of mutation
 X - 7 potions of haste
Miscellaneous
 H - a tin of tremorstones (2/2)
 O - a phantom mirror (inert)
 S - a lightning rod (4/4)
 W - a phial of floods


   Skills:
 O Level 27 Fighting
 O Level 27 Maces & Flails
 + Level 21.5 Throwing
 O Level 27 Armour
 - Level 3.2 Dodging
 O Level 27 Shields
 O Level 27 Invocations
 - Level 12.0 Evocations


You had 26 spell levels left.
You didn't know any spells.
Your spell library contained the following spells:

 Spells                   Type           Power      Damage    Failure   Level
 Apportation              Tloc           0%         N/A       75%         1
 Foxfire                  Conj/Fire      0%         2x1d4     75%         1
 Freeze                   Ice            0%         1d3       75%         1
 Kiss of Death            Conj/Necr      0%         2d5       75%         1
 Magic Dart               Conj           0%         1d3       75%         1
 Shock                    Conj/Air       0%         1d3       75%         1
 Slow                     Hex            0%         N/A       75%         1
 Sting                    Conj/Alch      0%         1d3       75%         1
 Summon Small Mammal      Summ           0%         N/A       75%         1
 Blink                    Tloc           0%         N/A       87%         2
 Call Imp                 Summ           0%         N/A       87%         2
 Cigotuvi's Dreadful Rot  Necr/Alch/Air  0%         N/A       87%         2
 Ensorcelled Hibernation  Hex/Ice        0%         N/A       87%         2
 Jinxbite                 Hex            0%         N/A       87%         2
 Lesser Beckoning         Tloc           0%         N/A       87%         2
 Mercury Vapours          Alch/Air       0%         N/A       87%         2
 Scorch                   Fire           0%         2d5       87%         2
 Searing Ray              Conj           0%         2d4       87%         2
 Static Discharge         Conj/Air       0%         3-3/arc   87%         2
 Sublimation of Blood     Necr           0%         N/A       87%         2
 Call Canine Familiar     Summ           0%         N/A       98%         3
 Confusing Touch          Hex            0%         N/A       98%         3
 Dazzling Flash           Conj/Hex       0%         N/A       98%         3
 Frozen Ramparts          Ice            0%         1d1       98%         3
 Fugue of the Fallen      Necr           0%         N/A       98%         3
 Gell's Gravitas          Tloc           0%         N/A       98%         3
 Hailstorm                Conj/Ice       0%         3d5       98%         3
 Inner Flame              Hex/Fire       0%         N/A       98%         3
 Mephitic Cloud           Conj/Alch/Air  0%         N/A       98%         3
 Ozocubu's Armour         Ice            0%         N/A       98%         3
 Passwall                 Erth           0%         N/A       98%         3
 Sigil of Binding         Hex            0%         N/A       98%         3
 Stone Arrow              Conj/Erth      0%         3d7       98%         3
 Swiftness                Air            0%         N/A       98%         3
 Teleport Other           Tloc           0%         N/A       98%         3
 Vampiric Draining        Necr           0%         2d6       98%         3
 Volatile Blastmotes      Fire/Tloc      0%         2d10      98%         3
 Airstrike                Air            0%         2d(0-16)  100%        4
 Anguish                  Hex/Necr       0%         N/A       100%        4
 Animate Armour           Summ/Erth      0%         N/A       100%        4
 Animate Dead             Necr           0%         N/A       100%        4
 Dimensional Bullseye     Hex/Tloc       0%         N/A       100%        4
 Dispel Undead            Necr           0%         3d6       100%        4
 Flame Wave               Conj/Fire      0%         2d4       100%        4
 Fulminant Prism          Conj/Alch      0%         3d5       100%        4
 Ignite Poison            Fire/Alch      0%         N/A       100%        4
 Leda's Liquefaction      Alch/Erth      0%         N/A       100%        4
 Manifold Assault         Tloc           0%         N/A       100%        4
 Olgreb's Toxic Radiance  Alch           0%         N/A       100%        4
 Passage of Golubria      Tloc           0%         N/A       100%        4
 Petrify                  Alch/Erth      0%         N/A       100%        4
 Sticky Flame             Fire/Alch      0%         2d4       100%        4
 Summon Blazeheart Golem  Fire/Summ      0%         N/A       100%        4
 Summon Lightning Spire   Summ/Air       0%         N/A       100%        4
 Vhi's Electric Charge    Tloc/Air       0%         N/A       100%        4
 Alistair's Intoxication  Alch           0%         N/A       100%        5
 Arcjolt                  Conj/Air       0%         1d10      100%        5
 Borgnjor's Vile Clutch   Necr/Erth      0%         N/A       100%        5
 Freezing Cloud           Conj/Ice/Air   0%         6-21      100%        5
 Irradiate                Conj/Alch      0%         3d11      100%        5
 Iskenderun's Battlesphe  Conj           0%         2d6       100%        5
 Lee's Rapid Deconstruct  Erth           0%         3d4*      100%        5
 Metabolic Englaciation   Hex/Ice        0%         N/A       100%        5
 Silence                  Hex/Air        0%         N/A       100%        5
 Summon Forest            Summ/Tloc      0%         N/A       100%        5
 Summon Mana Viper        Hex/Summ       0%         N/A       100%        5
 Yara's Violent Unravell  Hex/Alch       0%         3d3       100%        5
 Bombard                  Conj/Erth      0%         9d1       100%        6
 Conjure Ball Lightning   Conj/Air       0%         3x3d6     100%        6
 Death Channel            Necr           0%         N/A       100%        6
 Eringya's Noxious Bog    Alch           0%         4d6       100%        6
 Plasma Beam              Fire/Air       0%         2x1d10    100%        6
 Sculpt Simulacrum        Ice/Alch       0%         N/A       100%        6
 Starburst                Conj/Fire      0%         6d3       100%        6
 Summon Cactus Giant      Summ           0%         N/A       100%        6
 Enfeeble                 Hex            0%         N/A       100%        7
 Haunt                    Necr/Summ      0%         N/A       100%        7
 Orb of Destruction       Conj           0%         9d5       100%        7
 Ozocubu's Refrigeration  Ice            0%         4d7       100%        7
 Spellforged Servitor     Conj/Summ      0%         N/A       100%        7
 Summon Hydra             Summ           0%         N/A       100%        7
 Discord                  Hex            0%         N/A       100%        8
 Ignition                 Fire           0%         3d3       100%        8
 Infestation              Necr           0%         N/A       100%        8
 Lehudib's Crystal Spear  Conj/Erth      0%         10d2      100%        8
 Maxwell's Capacitive Co  Air            0%         ∞         100%        8
 Chain Lightning          Conj/Air       0%         N/A       100%        9
 Fire Storm               Conj/Fire      0%         5d1       100%        9
 Shatter                  Erth           0%         3d5*      100%        9


Dungeon Overview and Level Annotations

Branches:
Dungeon (15/15)            Temple (1/1) D:7            Lair (5/5) D:8
  Swamp (4/4) Lair:2       Spider (4/4) Lair:3        Slime (5/5) Lair:4
    Orc (2/2) D:9             Elf (3/3) Orc:2        Vaults (5/5) D:14
  Crypt (3/3) Vaults:2       Tomb (0/3) Crypt:3      Depths (4/4) D:15
   Hell (visited)             Dis (0/7) Hell            Geh (0/7) Hell
    Coc (0/7) Hell            Tar (7/7) Hell            Zot (4/5) Depths:4
  IceCv (visited)          WizLab (visited)

Altars:
Ashenzari
Cheibriados
Dithmenos
Elyvilon
Fedhas
Gozag
Hepliaklqana
Kikubaaqudgha
Makhleb
Nemelex Xobeh
Okawaru
Qazlal
Ru
Sif Muna
Trog
Uskayaw
Vehumet
Wu Jian
Xom
Yredelemnul
Zin
The Shining One
Jiyva
Lugonu

Shops:
D:6 *   D:7 [?*   D:11 [   D:13 =   Orc:2 ?:!   Elf:2 (   Vaults:1 (
Vaults:3 =(   Depths:4 =:([

Portals:
Hell: Depths:1 Depths:2 Depths:3 Depths:4
Abyss: Lair:5 Depths:3
Pandemonium: Depths:1 Depths:2
Ziggurat: Depths:2
Trove: D:13 (give +4 shadow dragon scales)

Annotations:
D:3 1 runed translucent door, Crazy Yiuf
Vaults:3 2 transporters
Tar:7 Ereshkigal
Zot:2 1 transporter


Innate Abilities, Weirdness & Mutations

You have a pair of horns on your head.
You reflexively headbutt those who attack you in melee.
You are partially covered in iridescent scales. (AC +2)
You are partially covered in large bone plates. (SH +4)
Your mind is very acute. (Int +8, Str/Dex -2)
You are frail. (-10% HP)
You passively map a small area around you.
Your system is resistant to poisons. (rPois)
Your spells are a little harder to cast, but a little more powerful.
You have great hidden genetic potential.
Potions are less effective at restoring your health.
You are vulnerable to cold. (rC-)


Message History

The profane servitor hits you but does no damage.
You block the profane servitor's attack.
Ereshkigal hits you but does no damage.
Unknown command.
Unknown command.
You completely miss Ereshkigal. You headbutt Ereshkigal!
Ereshkigal is almost dead.
Ereshkigal shimmers and vanishes!
Your Tzitzimitl disappears in a puff of smoke! x3
The profane servitor hits you but does no damage. x2
Unknown command.
You whack Ereshkigal!
Ereshkigal convulses!
Your headbutt misses Ereshkigal.
Ereshkigal is almost dead.
Ereshkigal gestures.
Ereshkigal's surroundings become eerily quiet.
The Tzitzimitl calls on the powers of darkness!
Your body is wracked with pain!
* * * LOW HITPOINT WARNING * * *
You completely miss Ereshkigal. Your headbutt misses Ereshkigal.
Ereshkigal is almost dead.
You block the profane servitor's attack.
The profane servitor hits you but does no damage. x2
You block the profane servitor's attack.
You completely miss Ereshkigal.
Ereshkigal is almost dead.
Ereshkigal gestures at you.
You suddenly lose the ability to move!
The profane servitor hits you with a +3 whip of flaming!
* * * LOW HITPOINT WARNING * * *
The profane servitor burns you.
* * * LOW HITPOINT WARNING * * *
The profane servitor hits you but does no damage.
Ereshkigal gestures.
Ereshkigal's surroundings become eerily quiet.
The profane servitor hits you but does no damage. x2
The profane servitor hits you with a +1 demon whip.
* * * LOW HITPOINT WARNING * * *
The profane servitor hits you but does no damage.
Ereshkigal hits you with a +1 morningstar of protection!
You die...

,*,**,,,*#.**##..####.##...##|#.#
,*,,**,**...*#....##...##.##:=#..
**,,,*,*,....#....#.)...#,#[|[###
,,******,,#..#...(#(.#..######..#
,,*,,,*,,,#......()..#...#...#..#
***,*+*,,,*#.....(..##...#'#.###.
*,,,*,**,**###''''#####.##.#...#.
*,*,*,,,,*,#........#,#....#.#.#.
*,*,*,,,,*,#..§.@...#,#....#.#.##
,,*,*,,,,*,#...A&A..#,#....#.#.(.
,**,*,,,,*,##...1..##,#....#.##.#
,*,,*,*,**,,#......#,,##.#.#..#..
**,**,*,*,,,##....##,,,#.#.##.##.
*,,*,,*,*,,,,##''##,,,,#.#..#..##
,,**,**,*,,,,,....,,,,,#.##.##..#
,**,,*,,*,,,,,....,,,,,#..#..##..
**,,**,,**,,,,,,,,,,,,##..##..###


You could see Ereshkigal (silencing, unsilenced), 2 profane servitors and a
Tzitzimitl (unsilenced).

Vanquished Creatures
  Cerebov (Pan)
  7 pandemonium lords (Pan)
  the Royal Jelly (Slime:5)
  Gloorx Vloq (Pan)
  Mnoleg (Pan)
  Lom Lobon (Pan)
  Tiamat (Zot:1)
  2 ancient liches
  The ghost of Pongem the Conqueror, a legendary MiAK of Lugonu (Zot:3)
  4 orbs of fire
  2 Killer Klowns
  A caustic shrike (Depths:3)
  6 golden dragons
  Geryon (Hell)
  Nikola (Swamp:2)
  18 profane servitors
  A pearl dragon (Abyss:3)
  The ghost of Pikuto the Slayer, an adept MiBe of Trog (Depths:1)
  13 doom hounds
  3 electric golems
  8 Brimstone Fiends
  14 bone dragons
  23 Tzitzimimeh
  A spectral shard shrike (Tar:6)
  3 Hell Sentinels
  Jorgrun (Spider:2)
  A Cloud Mage (WizLab)
  Grunn (Zot:2)
  15 tentacled monstrosities
  3 deep elf blademasters
  6 liches
  4 titans
  6 Ice Fiends
  16 tainted leviathans
  2 deep elf master archers (Elf:3)
  14 acid blobs
  4 sphinxes
  6 tentacled starspawn
  2 searing wretches (Hell)
  5 quicksilver dragons
  6 death cobs
  Murray (Depths:1)
  26 Executioners
  3 ancient champions
  Frances (Elf:1)
  4 thorn hunters
  Agnes (D:15)
  18 storm dragons
  9 tengu reavers
  8 shadow dragons
  Roxanne (Elf:1)
  8 azure jellies
  10 protean progenitors
  The ghost of Caoroid the Gelid, an adept DgIE (Elf:1)
  2 draconian knights (Zot:3)
  2 draconian monks
  3 fenstrider witches
  4 nagarajas (Pan)
  12 rockslimes
  12 demonspawn warmongers (Pan)
  3 draconian scorchers (Zot:4)
  2 revenants
  6 fire giants
  An iron dragon (Vaults:5)
  28 vault wardens
  A caustic shrike zombie (Depths:3)
  7 deep elf sorcerers
  13 frost giants
  6 emperor scorpions
  A spectral juggernaut (Tar:1)
  5 draconian shifters
  A spectral caustic shrike (Tar:2)
  20 balrugs (Pan)
  4 deep elf elementalists
  6 ghost moths
  3 orc warlords
  3 curse skulls
  The ghost of Noisytoot the Severer, a journeyman MiFi of Elyvilon (Lair:5)
  5 spriggan defenders
  4 draconian stormcallers
  An angel (Pan)
  2 ghouls
  14 demonspawn corrupters (Pan)
  21 very ugly things
  33 reapers
  15 quicksilver oozes
  6 ironbound thunderhulks
  19 cacodemons
  25 ironbound preservers
  10 demonspawn blood saints (Pan)
  8 caustic shrike skeletons
  17 stone giants
  A formless jellyfish (Slime:1)
  7 deep elf demonologists
  4 eleionomae
  30 putrid mouths
  4 juggernaut skeletons
  4 broodmothers
  Nessos (Lair:4)
  11 deep elf death magi
  11 vampire knights
  9 green draconians
  Azrael (Spider:2)
  4 black draconians
  14 demonspawn black suns (Pan)
  9 lorocyprocas
  3 war gargoyles
  12 purple draconians
  5 white draconians
  12 deep elf annihilators
  4 bunyips
  9 red draconians
  5 yellow draconians
  16 spark wasps
  17 dire elephants
  25 blizzard demons
  3 crystal guardians
  2 spectral quicksilver dragons
  5 eidola
  14 jiangshi
  16 ettins
  2 spectral krakens (Tar:7)
  A shambling mangrove (Swamp:4)
  Josephine (Orc:2)
  A kraken zombie (Hell)
  8 fire dragons
  4 entropy weavers
  10 green deaths (Pan)
  A spectral spriggan (Tar:5)
  A quicksilver dragon zombie (Crypt:2)
  3 deep elf high priests
  2 spectral iron giants
  43 vault guards
  14 yaktaur captains
  Harold (D:9)
  A salamander tyrant (Depths:3)
  9 great orbs of eyes
  12 rakshasas
  9 ice dragons
  A quicksilver dragon skeleton (Crypt:2)
  13 spriggan air magi
  3 peacekeepers
  Erolcha (D:12)
  2 spriggan zombies
  6 alligators
  6 ghost crabs
  A hell beast (Depths:3)
  20 hydras
  7 jorogumos
  A catoblepas (Lair:4)
  5 death knights
  5 ogre magi
  9 centaur warriors
  5 ironbound frosthearts
  5 radroaches
  A sphinx zombie (Depths:3)
  An anaconda (shapeshifter) (Vaults:2)
  A merfolk aquamancer (Pan)
  7 death yaks
  33 dancing weapons
  18 two-headed ogres
  A sphinx skeleton (Crypt:2)
  A stoker (Hell)
  A bennu skeleton (Crypt:1)
  4 hell hogs (Abyss:3)
  10 deep troll shamans
  A spectral human (Tar:1)
  A two-headed ogre (shapeshifter) (Vaults:5)
  4 boulder beetles
  A shock serpent (shapeshifter) (Depths:2)
  7 thrashing horrors
  2 occultists
  7 deep troll earth magi
  25 demonic crawlers
  A spectral dire elephant (Tar:2)
  5 vampire magi
  An orc high priest (Vaults:3)
  2 spriggan berserkers (Depths:3)
  6 shock serpents (WizLab)
  8 tengu warriors
  51 sun demons
  2 titan zombies
  Sonja (D:11)
  7 hell knights
  9 hellephant skeletons (Pan)
  5 wretched stars (Abyss:3)
  28 soul eaters
  20 skeletal warriors
  17 deep elf knights
  27 sixfirhies
  74 deep trolls
  9 shadow wraiths
  3 skysharks
  A spectral bunyip (Tar:1)
  A spark wasp zombie (Depths:3)
  Amaemon (Lair:2)
  3 anaconda zombies (Hell)
  3 death drakes
  7 pharaoh ants
  22 shadow demons (Pan)
  A spatial maelstrom (Abyss:3)
  A goliath frog (Swamp:2)
  7 iron trolls
  5 flayed ghosts
  2 spriggan druids
  10 sun moths
  6 bog bodies
  A spectral hydra (Tar:5)
  6 arcanists
  A spectral anaconda (Tar:3)
  9 swamp dragons
  A bunyip skeleton (Crypt:1)
  5 glowing orange brains
  8 steelbarb worms
  An anaconda skeleton (Hell)
  10 orb spiders
  7 harpies
  24 deep elf archers
  A mana viper (shapeshifter) (Vaults:5)
  17 ironbound convokers
  27 deep elf zephyrmancers
  2 iron dragon zombies
  11 lindwurms
  10 necromancers
  16 wolf spiders
  An alligator zombie (Hell)
  32 deep elf pyromancers
  3 orc sorcerers
  24 phantasmal warriors
  Pikel (D:4)
  5 shining eyes
  39 ugly things
  3 spectral ettins
  A human zombie (Vaults:4)
  5 orc knights
  A jorogumo skeleton (Crypt:1)
  4 cyclopes
  A faun (shapeshifter) (Vaults:5)
  A broodmother zombie (Crypt:2)
  4 manticores
  3 will-o-the-wisps
  32 large abominations
  24 moths of wrath
  A frost giant skeleton (Depths:1)
  9 meliai
  A spectral alligator snapping turtle (Tar:1)
  A worldbinder (Abyss:2)
  A black mamba (shapeshifter) (Vaults:4)
  4 rust devils
  6 apocalypse crabs
  A water nymph (shapeshifter) (Vaults:4)
  A stone giant skeleton (Vaults:4)
  6 black mambas
  A guardian serpent (Abyss:2)
  3 spectral elves (Elf:1)
  3 ice statues
  17 orange demons
  48 smoke demons
  A dire elephant skeleton (Hell)
  9 spectral swamp worms (Tar:7)
  6 torpor snails
  A dire elephant zombie (Hell)
  Maggie (D:7)
  4 eyes of devastation
  20 vault sentinels
  A yellow draconian zombie (Crypt:1)
  A gargoyle (D:12)
  A centaur skeleton (Hell)
  2 unseen horrors
  9 cane toads
  4 rime drakes
  7 hellions
  11 efreet
  A yaktaur (shapeshifter) (Lair:5)
  62 yaktaurs
  3 anaconda simulacra (IceCv)
  3 ice devils
  A spectral skyshark (Lair:2)
  21 tormentors
  A tengu conjurer (Depths:3)
  10 komodo dragons
  3 hydra zombies
  2 spectral nagas
  9 freezing wraiths
  6 red devils
  3 sea snake skeletons
  6 ancient zymes (Abyss:3)
  4 silent spectres
  2 spectral harpies (Tar:1)
  24 hellwings (Pan)
  34 hornets
  6 polar bears
  A shadow dragon simulacrum (Crypt:1)
  2 wind drakes (WizLab)
  6 trolls
  9 tyrant leeches
  A harpy skeleton (Crypt:1)
  A queen bee (Spider:3)
  A tengu simulacrum (Depths:3)
  A blink frog (shapeshifter) (Vaults:5)
  32 tarantellas
  24 blink frogs
  Prince Ribbit (D:9)
  A hydra skeleton (Hell)
  2 dream sheep (Lair:5)
  4 glass eyes
  8 raiju
  A dream sheep (shapeshifter) (Vaults:5)
  28 jumping spiders
  A guardian serpent skeleton (Crypt:2)
  15 culicivoras
  A snapping turtle (shapeshifter) (Vaults:5)
  A black mamba zombie (Crypt:1)
  2 centaur simulacra (Hell)
  A fire dragon skeleton (Crypt:2)
  7 air elementals
  5 shadows
  19 spriggans
  3 wyverns
  49 yaks
  65 slime creatures
  42 ynoxinuls
  2 vampires
  34 starcursed masses (Abyss:3)
  15 wraiths
  2 golden eyes (Slime:2)
  4 water elementals
  16 neqoxecs
  7 fire elementals
  6 basilisks
  A human (Lair:1)
  3 wargs
  64 redbacks
  4 steam dragons
  A death yak simulacrum (IceCv)
  7 vampire mosquitoes
  38 chaos spawn
  2 yaktaur simulacra (Vaults:3)
  A harpy simulacrum (Abyss:2)
  2 naga zombies (Crypt:1)
  A spatial vortex (Abyss:3)
  9 swamp worms
  10 hell hounds
  2 hydra simulacra (IceCv)
  15 water moccasins
  A human skeleton (Vaults:4)
  14 orc warriors
  6 swamp drakes (Swamp:4)
  5 ice beasts
  32 ogres
  67 laughing skulls
  4 black bears
  20 small abominations
  16 centaurs
  A snapping turtle skeleton (Crypt:2)
  14 wolves
  2 elf simulacra (Elf:1)
  A spectral basilisk (Lair:2)
  2 lemures (D:4)
  2 phantoms
  A kobold brigand (D:9)
  4 brain worms
  A hog skeleton (Crypt:2)
  4 weeping skulls
  15 bullfrogs
  4 necrophages (Crypt:3)
  6 earth elementals
  5 scorpions
  A draconian skeleton (Crypt:1)
  9 cane toad simulacra
  5 two-headed ogre simulacra (IceCv)
  2 gnoll sergeants (D:9)
  A wyvern zombie (D:7)
  13 wights
  4 burial acolytes (Crypt:3)
  An elephant simulacrum (Lair:4)
  A spriggan skeleton (Crypt:2)
  36 killer bees
  7 electric eels
  4 crimson imps (D:4)
  6 howler monkeys
  3 bombardier beetles
  8 hounds
  16 jellies
  10 orc priests
  6 iguanas
  2 sleepcaps
  A gnoll bouda (D:6)
  15 orc wizards
  2 troll simulacra (IceCv)
  2 polar bear simulacra (IceCv)
  3 spriggan simulacra (IceCv)
  3 wolf simulacra (IceCv)
  A boggart simulacrum (D:11)
  A howler monkey zombie (D:7)
  9 gnolls
  A howler monkey skeleton (Crypt:1)
  10 adders
  7 naga simulacra (IceCv)
  2 shadow imps
  8 white imps
  8 ufetubi
  5 dart slugs
  A ribbon worm (D:2)
  61 orcs
  6 ball pythons
  4 bats
  7 endoplasms
  3 giant cockroaches
  8 goblins
  5 hobgoblins
  6 kobolds
  4 quokkas
  5 frilled lizards
  A frilled lizard skeleton (Crypt:2)
  A kobold skeleton (Crypt:2)
  3 rats
  An aspiring flesh (Pan)
  3 ball lightnings (Pan)
  A creeping inferno (Hell)
  5 fire vortices
  2 starspawn tentacles (Abyss:3)
  5 tentacles
3443 creatures vanquished.

Vanquished Creatures (collateral kills)
  A tentacled starspawn (Abyss:3)
  2 draconian annihilators (Pan)
  A demonspawn black sun (Pan)
  A green death (Pan)
  A hell knight (Abyss:3)
  An orange demon (Pan)
  An unseen horror (Abyss:3)
  2 hellwings (Pan)
  An ancient zyme (Abyss:3)
11 creatures vanquished.

Vanquished Creatures (others)
  A Hell Sentinel (Pan)
  A fenstrider witch (Swamp:3)
  A demonspawn corrupter (Pan)
  A cacodemon (Pan)
  A draconian annihilator (Pan)
  A deep elf annihilator (Pan)
  A spark wasp (WizLab)
  2 blizzard demons (WizLab)
  A thrashing horror (Abyss:3)
  A glowing orange brain (Pan)
  2 apocalypse crabs (WizLab)
  3 bloated husks
  3 hornets (Swamp:1)
  A hellwing (Pan)
  2 spriggans (Swamp:1)
  A ynoxinul (Pan)
  A chaos spawn (Pan)
  A swamp worm (Swamp:2)
  3 ball lightnings (Pan)
  A creeping inferno (Hell)
  7 foxfires
  A lost soul (Elf:1)
  2 lurking horrors
  10 starspawn tentacles
  17 tentacles
66 creatures vanquished.

Grand Total: 3520 creatures vanquished

Notes
Turn   | Place    | Note
-------+----------+-------------------------------------------
     0 | D:1      | Kallu the Minotaur Monk began the quest for the Orb.
     0 | D:1      | Reached XP level 1. HP: 19/19 MP: 0/0
   143 | D:1      | You fall into a shaft and drop 1 floor!
   207 | D:2      | Reached XP level 2. HP: 18/26 MP: 1/1
   331 | D:2      | Reached skill level 5 in Maces & Flails
   405 | D:2      | Reached XP level 3. HP: 31/31 MP: 2/2
  1655 | D:3      | Reached XP level 4. HP: 39/39 MP: 3/3
  1749 | D:3      | Found a bloodstained altar of Trog.
  2214 | D:3      | Found a runed translucent door.
  2215 | D:3      | Noticed Crazy Yiuf
  2518 | D:4      | Found a shimmering altar of Xom.
  2521 | D:4      | Reached XP level 5. HP: 43/45 MP: 4/4
  2719 | D:4      | Reached XP level 6. HP: 49/51 MP: 5/5
  2743 | D:4      | Reached skill level 1 in Throwing
  2981 | D:4      | Reached skill level 5 in Fighting
  3300 | D:5      | Entered Level 5 of the Dungeon
  3325 | D:5      | Reached XP level 7. HP: 59/62 MP: 6/6
  3918 | D:5      | Noticed Pikel
  4104 | D:4      | Killed Pikel
  4105 | D:4      | Reached skill level 10 in Maces & Flails
  4105 | D:4      | Reached XP level 8. HP: 56/74 MP: 7/7
  4196 | D:5      | Found a hazy altar of Hepliaklqana.
  4238 | D:5      | Found an opulent altar of Gozag.
  4239 | D:5      | Found a sparkling altar of Nemelex Xobeh.
  5171 | D:6      | Found Iduolu's Assorted Antiques.
  5214 | D:6      | Found a shadowy altar of Dithmenos.
  5220 | D:6      | Reached XP level 9. HP: 71/81 MP: 8/8
  5570 | D:6      | Reached skill level 5 in Throwing
  6175 | D:7      | Found Sivoulur's Magic Scroll Shoppe.
  6193 | D:7      | Bought a scroll of teleportation for 30 gold pieces
  6193 | D:7      | Bought a scroll of teleportation for 30 gold pieces
  6402 | D:7      | Found Kyofer's Assorted Antiques.
  6405 | D:7      | Noticed Maggie
  6416 | D:7      | Found Laggupsa's Antique Armour Boutique.
  6442 | D:7      | Killed Maggie
  6443 | D:7      | Reached skill level 10 in Fighting
  6467 | D:7      | Found a staircase to the Ecumenical Temple.
  6482 | D:7      | Found an iron altar of Okawaru.
  6482 | D:7      | Found a stormy altar of Qazlal.
  6489 | Temple   | Entered the Ecumenical Temple
  6702 | D:7      | Found a hide-covered altar of Uskayaw.
  6703 | D:7      | Found an ornate altar of the Wu Jian Council.
  6703 | D:7      | Found a burning altar of Makhleb.
  6703 | D:7      | Found a shimmering blue altar of Sif Muna.
  6705 | D:7      | Found a glowing golden altar of the Shining One.
  6705 | D:7      | Found a white marble altar of Elyvilon.
  6705 | D:7      | Found a blossoming altar of Fedhas.
  6713 | D:7      | Became a worshipper of the Shining One
  6713 | D:7      | Reached * piety under the Shining One
  6713 | D:7      | Reached ** piety under the Shining One
  6744 | D:7      | Found a broken altar of Ashenzari.
  6842 | D:7      | Found a basalt altar of Yredelemnul.
  6991 | D:8      | Reached XP level 10. HP: 97/97 MP: 9/9
  7068 | D:8      | Noticed a two-headed ogre
  7080 | D:8      | Killed a two-headed ogre
  7205 | D:8      | Found a staircase to the Lair.
  7230 | D:8      | Found a sacrificial altar of Ru.
  7346 | D:8      | Noticed a two-headed ogre
  7391 | D:7      | Killed a two-headed ogre
  7587 | D:8      | Reached skill level 1 in Armour
  8459 | Lair:1   | Entered Level 1 of the Lair of Beasts
  8484 | Lair:1   | Reached skill level 5 in Armour
  8721 | Lair:1   | Reached skill level 5 in Shields
  8724 | Lair:1   | Reached XP level 11. HP: 78/104 MP: 10/10
  9629 | Lair:1   | Noticed a death yak
  9637 | Lair:1   | Killed a death yak
 10118 | Lair:1   | Found a runed translucent door.
 10138 | Lair:1   | Noticed a tentacled starspawn
 10241 | Lair:2   | Noticed Amaemon
 10453 | Lair:2   | Reached skill level 15 in Maces & Flails
 10455 | Lair:2   | Reached *** piety under the Shining One
 11137 | Lair:1   | Reached skill level 1 in Invocations
 11528 | Lair:2   | Reached XP level 12. HP: 112/112 MP: 12/14
 11792 | Lair:2   | Reached skill level 5 in Invocations
 11992 | Lair:3   | Noticed an eight-headed hydra
 12004 | Lair:3   | Killed an eight-headed hydra
 12167 | Lair:3   | Noticed a death yak
 12167 | Lair:3   | Noticed a death yak
 12167 | Lair:3   | Noticed a death yak
 12201 | Lair:3   | Killed a death yak
 12204 | Lair:3   | Killed a death yak
 12413 | Lair:3   | Killed a death yak
 12460 | Lair:3   | Noticed a death yak
 12484 | Lair:3   | Noticed a death yak
 12484 | Lair:3   | Noticed a death yak
 12509 | Lair:2   | Killed a death yak
 12534 | Lair:2   | Killed Amaemon
 12628 | Lair:2   | Reached skill level 15 in Fighting
 12754 | Lair:2   | Found a staircase to the Swamp.
 12754 | Lair:2   | Noticed a ghost crab
 12778 | Lair:2   | Killed a ghost crab
 13345 | Lair:3   | Reached **** piety under the Shining One
 13544 | Lair:3   | Found a hole to the Spider Nest.
 13593 | Lair:3   | Noticed an eight-headed hydra
 13601 | Lair:3   | Killed an eight-headed hydra
 13602 | Lair:3   | Reached XP level 13. HP: 65/128 MP: 16/16
 14015 | Lair:3   | Reached skill level 10 in Shields
 14649 | Lair:4   | Found a staircase to the Slime Pits.
 14649 | Lair:4   | Found a viscous altar of Jiyva.
 14806 | Lair:4   | Found a frozen archway.
 14844 | IceCv    | Entered an ice cave
 15014 | IceCv    | Reached ***** piety under the Shining One
 15642 | IceCv    | Reached ****** piety under the Shining One
 16071 | Lair:4   | Noticed Nessos
 16085 | Lair:4   | Killed Nessos
 16412 | Lair:4   | Identified a +3 sacred scourge of holy wrath (a +1 demon
                  | whip of venom blessed by the Shining One)
 16412 | Lair:4   | Received a gift from the Shining One
 16762 | Lair:5   | Entered Level 5 of the Lair of Beasts
 17046 | Lair:5   | Noticed Noisytoot's ghost (journeyman MiFi)
 17239 | Lair:5   | Found a runed translucent door.
 17248 | Lair:4   | Reached skill level 10 in Armour
 17565 | Lair:5   | Reached XP level 14. HP: 107/137 MP: 19/19
 17854 | Lair:5   | Got the Writings on Ensnaring Inhalation
 17917 | Lair:5   | Identified the +1 robe of the Crypt {rPois}
 18249 | Lair:5   | Found a corrupted altar of Lugonu.
 18249 | Lair:5   | Found a one-way gate to the infinite horrors of the Abyss.
 18843 | D:9      | Noticed Harold
 18855 | D:9      | Killed Harold
 18986 | D:9      | Found a staircase to the Orcish Mines.
 19108 | D:9      | Noticed Prince Ribbit
 19130 | D:9      | Killed Prince Ribbit
 19162 | D:9      | Found an ancient bone altar of Kikubaaqudgha.
 19187 | D:9      | Identified the +1 leather armour of Bellicose Contentment
                  | {rF++}
 19357 | D:9      | Found a radiant altar of Vehumet.
 19492 | D:10     | Entered Level 10 of the Dungeon
 19551 | D:10     | Got the Annotations on the Captivating Wendigo
 19946 | D:10     | Identified the +8 mace "Dykishroa" {drain, Will+}
 20012 | D:10     | Found a snail-covered altar of Cheibriados.
 20640 | D:11     | Reached skill level 15 in Armour
 20740 | D:11     | Noticed Sonja
 20755 | D:11     | Killed Sonja
 21061 | D:11     | Found Zuv Nuoti's Armour Emporium.
 21484 | D:12     | Noticed Erolcha
 21495 | D:12     | Killed Erolcha
 22066 | D:13     | Identified the +4 scale mail "Pixtaril" {Rampage Int+4}
 22114 | D:13     | Found Quseod's Jewellery Boutique.
 22292 | D:13     | Found a sparkling altar of Nemelex Xobeh.
 22343 | D:13     | Found a portal to a secret trove of treasure.
 22754 | D:14     | Reached skill level 10 in Invocations
 22754 | D:14     | Reached skill level 1 in Evocations
 22754 | D:14     | Reached XP level 15. HP: 138/144 MP: 21/21
 22833 | D:14     | Found a gate to the Vaults.
 23503 | D:15     | Entered Level 15 of the Dungeon
 23566 | D:15     | Noticed Agnes
 23576 | D:15     | Killed Agnes
 24225 | D:15     | Found a staircase to the Depths.
 24539 | Orc:1    | Entered Level 1 of the Orcish Mines
 24779 | Orc:2    | Entered Level 2 of the Orcish Mines
 24877 | Orc:2    | Noticed Josephine
 24886 | Orc:2    | Killed Josephine
 25601 | Orc:2    | Found Bolej's Armour Shoppe.
 25601 | Orc:2    | Found Idephol's Book Shop.
 25601 | Orc:2    | Found Megeqois's Distillery.
 25601 | Orc:2    | Found Sis Nir's Magic Scroll Emporium.
 25636 | Orc:2    | Reached XP level 16. HP: 140/151 MP: 22/22
 25663 | Orc:2    | Bought a potion of haste for 130 gold pieces
 25664 | Orc:2    | Bought 2 scrolls of teleportation for 66 gold pieces
 25664 | Orc:2    | Bought a scroll of teleportation for 33 gold pieces
 25698 | Orc:2    | Found a staircase to the Elven Halls.
 26401 | Spider:1 | Entered Level 1 of the Spider Nest
 27502 | Spider:1 | Paralysed by a hornet for 2 turns
 27610 | Spider:1 | Identified the +2 short sword of Dishonour {speed, rN+
                  | Str+6 Dex+3}
 27754 | Spider:1 | Paralysed by a hornet for 3 turns
 28501 | Spider:2 | Noticed Azrael
 28515 | Spider:2 | Killed Azrael
 29346 | Spider:2 | Noticed Jorgrun
 29354 | Spider:2 | Killed Jorgrun
 29875 | Spider:3 | Identified the amulet of Garrups {RegenMP rN+ Dex+4 SInv}
 30133 | Spider:3 | Reached XP level 17. HP: 153/158 MP: 23/23
 30595 | Spider:3 | Found a hide-covered altar of Uskayaw.
 30903 | Spider:4 | Entered Level 4 of the Spider Nest
 32824 | Spider:4 | Paralysed by a hornet for 1 turns
 33017 | Spider:4 | Got a gossamer rune of Zot
 33209 | Swamp:1  | Entered Level 1 of the Swamp
 33233 | Swamp:1  | Identified the staff of Xuusyzas {rPois Dex+3 Alchemy}
 33287 | Swamp:1  | Identified the +3 glaive of Edumimu {spect, rElec}
 34431 | Swamp:2  | Identified the +2 pair of gloves of the Monk {rPois rCorr
                  | Str+3}
 34431 | Swamp:2  | Noticed Nikola
 34823 | Swamp:2  | Killed Nikola
 34824 | Swamp:2  | Reached XP level 18. HP: 143/171 MP: 26/26
 35278 | Swamp:3  | Paralysed by a fenstrider witch for 3 turns
 35566 | Swamp:4  | Entered Level 4 of the Swamp
 36413 | Swamp:4  | Reached skill level 5 in Evocations
 36518 | Swamp:4  | Got a decaying rune of Zot
 37131 | Depths:1 | Entered Level 1 of the Depths
 37268 | Depths:1 | You fall into a shaft and drop 1 floor!
 37269 | Depths:2 | Found a gateway to Hell.
 37452 | Depths:2 | Found a one-way gate leading to the halls of Pandemonium.
 37751 | Depths:1 | Found a shimmering altar of Xom.
 37751 | Depths:1 | Noticed Pikuto's ghost (adept MiBe)
 37752 | Depths:1 | Found a runed translucent door.
 37909 | Depths:1 | Paralysed by a vampire knight for 5 turns
 38492 | Depths:2 | Found a one-way gateway to a ziggurat.
 38702 | Depths:2 | Reached XP level 19. HP: 185/185 MP: 28/28
 38766 | Depths:2 | Reached skill level 15 in Shields
 38895 | Depths:2 | Found a runed translucent gate.
 38895 | Depths:2 | Found a runed translucent gate.
 38895 | Depths:2 | Found a runed translucent gate.
 39135 | Depths:2 | Found a runed translucent gate.
 39135 | Depths:2 | Found a runed translucent gate.
 39135 | Depths:2 | Found a runed translucent gate.
 40044 | Depths:2 | Identified the +2 dagger "Qugoguemp" {holy, +Blink Str+3}
 40368 | Abyss:2  | Cast into level 2 of the Abyss (an occultist)
 40417 | Abyss:2  | Found a corrupted altar of Lugonu.
 40424 | Abyss:2  | Found a corrupted altar of Lugonu.
 40424 | Abyss:2  | Found a corrupted altar of Lugonu.
 40526 | Abyss:3  | Found a corrupted altar of Lugonu.
 40721 | Abyss:3  | Paralysed by accursed screaming for 1 turns
 40735 | Abyss:3  | Paralysed by accursed screaming for 1 turns
 40742 | Abyss:3  | Paralysed by accursed screaming for 1 turns
 40788 | Abyss:3  | Got an abyssal rune of Zot
 40813 | Abyss:3  | Gained mutation: You sometimes lose your temper in combat.
                  | [a neqoxec]
 40829 | Abyss:3  | Reached skill level 15 in Invocations
 40839 | Abyss:3  | Lost mutation: You sometimes lose your temper in combat.
                  | [potion of mutation]
 40839 | Abyss:3  | Gained mutation: You are very dopey. (Int -4) [potion of
                  | mutation]
 40839 | Abyss:3  | Gained mutation: Your mind is acute. (Int +4, Str/Dex -1)
                  | [potion of mutation]
 40872 | Abyss:3  | Noticed a bone dragon
 40883 | Abyss:3  | Killed a bone dragon
 40939 | Abyss:3  | Found a runed translucent door.
 40949 | Depths:3 | Escaped the Abyss
 41163 | Depths:3 | Reached XP level 20. HP: 193/193 MP: 31/31
 41246 | Abyss:3  | Cast into level 3 of the Abyss (an occultist)
 41310 | Abyss:3  | Noticed a pearl dragon
 41327 | Abyss:3  | Killed a pearl dragon
 41336 | Abyss:3  | Paralysed by accursed screaming for 1 turns
 41345 | Abyss:3  | Paralysed by accursed screaming for 1 turns
 41408 | Abyss:3  | Paralysed by accursed screaming for 1 turns
 41464 | Abyss:3  | Paralysed by accursed screaming for 1 turns
 41559 | Depths:3 | Escaped the Abyss
 41937 | Depths:3 | Noticed a caustic shrike
 41952 | Depths:3 | Killed a caustic shrike
 42674 | Vaults:1 | Entered Level 1 of the Vaults
 43170 | Vaults:1 | Found a magical portal.
 43181 | WizLab   | Entered The Chambers of the Cloud Mage
 43229 | WizLab   | Paralysed by an air elemental for 1 turns
 43241 | WizLab   | Paralysed by an air elemental for 1 turns
 43536 | WizLab   | Paralysed by an air elemental for 1 turns
 43609 | WizLab   | Paralysed by an air elemental for 1 turns
 43619 | WizLab   | Paralysed by an air elemental for 1 turns
 43632 | WizLab   | Reached XP level 21. HP: 181/209 MP: 33/33
 43654 | WizLab   | Paralysed by an air elemental for 1 turns
 43656 | WizLab   | Paralysed by an air elemental for 1 turns
 43783 | WizLab   | Found the +3 crown of Dyrovepreva {rElec Int+2 SInv}
 43783 | WizLab   | Found the +5 Force Lance {heavy, knockback}
 43810 | WizLab   | Got Jiaby's Compilation of Gases
 43813 | WizLab   | Identified the ring "Bipiath" {Fly Slay+3}
 43932 | Vaults:1 | Found Gome's Antique Weapon Shop.
 44470 | Vaults:1 | You fall into a shaft and drop 1 floor!
 45339 | Vaults:2 | Found a staircase to the Crypt.
 46119 | Vaults:2 | Identified the +0 leather armour of the Farmer {-Tele rN+
                  | Dex+5}
 46823 | Vaults:3 | Reached XP level 22. HP: 222/222 MP: 34/34
 47024 | Vaults:3 | Found a transporter.
 47026 | Vaults:3 | Found Sozuugg's Antique Weapon Boutique.
 47188 | Vaults:3 | Found a transporter.
 47756 | Vaults:3 | Found Wewe's Jewellery Shop.
 48898 | Vaults:4 | Identified the +6 scale mail of Duty {Will+ Stlth+}
 49276 | Vaults:5 | Entered Level 5 of the Vaults
 49832 | Vaults:5 | Noticed a golden dragon
 49848 | Vaults:4 | Killed a golden dragon
 50130 | Vaults:5 | Reached XP level 23. HP: 229/229 MP: 35/35
 50174 | Vaults:5 | Noticed an ancient lich
 50196 | Vaults:5 | Killed an ancient lich
 50523 | Vaults:5 | Found the +3 giant club "Skullcrusher" {speed, Str+7}
 50534 | Vaults:5 | Found the +11 plutonium sword {^Contam Stlth-}
 50662 | Vaults:5 | Got a silver rune of Zot
 51147 | Vaults:5 | Identified the +11 hand axe of Contradiction {freeze,
                  | +Blink rPois rN+++ Int-4}
 51482 | Crypt:1  | Entered Level 1 of the Crypt
 52716 | Crypt:2  | Identified the dragon-blood talisman "Geymic" {*Corrode
                  | rElec Int+7 Stlth+}
 53032 | Crypt:3  | Entered Level 3 of the Crypt
 53335 | Crypt:3  | Found an ancient bone altar of Kikubaaqudgha.
 53764 | Crypt:3  | Reached XP level 24. HP: 195/238 MP: 35/35
 53860 | Crypt:3  | Found a staircase to the Tomb.
 53860 | Crypt:3  | Found the +8 Vampire's Tooth {megavamp}
 53860 | Crypt:3  | Noticed an ancient lich
 53868 | Crypt:3  | Killed an ancient lich
 54368 | Slime:1  | Entered Level 1 of the Pits of Slime
 54564 | Slime:3  | Gained mutation: You occasionally lose the ability to read
                  | scrolls when taking damage. [a shining eye]
 54636 | Slime:4  | Gained mutation: You have hidden genetic defects. [a
                  | shining eye]
 54658 | Slime:3  | Lost mutation: You have hidden genetic defects. [potion of
                  | mutation]
 54658 | Slime:3  | Lost mutation: Your mind is acute. (Int +4, Str/Dex -1)
                  | [potion of mutation]
 54658 | Slime:3  | Lost mutation: You are dopey. (Int -2) [potion of mutation]
 54658 | Slime:3  | Gained mutation: You are partially covered in iridescent
                  | scales. (AC +2) [potion of mutation]
 54658 | Slime:3  | Gained mutation: You are vulnerable to heat. (rF-) [potion
                  | of mutation]
 54658 | Slime:3  | Gained mutation: You are strong-willed. (Will+) [potion of
                  | mutation]
 54658 | Slime:3  | Gained mutation: You have sharp fingernails. [potion of
                  | mutation]
 54659 | Slime:3  | Lost mutation: You are vulnerable to heat. (rF-) [potion of
                  | mutation]
 54659 | Slime:3  | Lost mutation: You occasionally lose the ability to read
                  | scrolls when taking damage. [potion of mutation]
 54659 | Slime:3  | Gained mutation: You are partially covered in large bone
                  | plates. (SH +4) [potion of mutation]
 54659 | Slime:3  | Gained mutation: Your flesh is cold resistant. (rC+)
                  | [potion of mutation]
 54659 | Slime:3  | Gained mutation: You are frail. (-10% HP) [potion of
                  | mutation]
 54659 | Slime:3  | Gained mutation: You expend magic power (3 MP) to
                  | strengthen your wands. [potion of mutation]
 54740 | Slime:5  | Entered Level 5 of the Pits of Slime
 54748 | Slime:4  | Gained mutation: Armour fits poorly on your strangely
                  | shaped body. [a shining eye]
 54750 | Slime:4  | Lost mutation: You are partially covered in large bone
                  | plates. (SH +4) [potion of mutation]
 54750 | Slime:4  | Lost mutation: You have sharp fingernails. [potion of
                  | mutation]
 54750 | Slime:4  | Gained mutation: Your muscles are strong. (Str +4, Int/Dex
                  | -1) [potion of mutation]
 54750 | Slime:4  | Gained mutation: Your mind is acute. (Int +4, Str/Dex -1)
                  | [potion of mutation]
 54750 | Slime:4  | Gained mutation: You occasionally shout uncontrollably at
                  | your foes. [potion of mutation]
 54818 | Slime:4  | Lost mutation: Your flesh is cold resistant. (rC+) [potion
                  | of mutation]
 54818 | Slime:4  | Lost mutation: Your muscles are strong. (Str +4, Int/Dex
                  | -1) [potion of mutation]
 54818 | Slime:4  | Gained mutation: You are agile. (Dex +4, Str/Int -1)
                  | [potion of mutation]
 54818 | Slime:4  | Gained mutation: Your muscles are strong. (Str +4, Int/Dex
                  | -1) [potion of mutation]
 54819 | Slime:4  | Lost mutation: You are partially covered in iridescent
                  | scales. (AC +2) [potion of mutation]
 54819 | Slime:4  | Lost mutation: You are strong-willed. (Will+) [potion of
                  | mutation]
 54819 | Slime:4  | Gained mutation: You are partially covered in large bone
                  | plates. (SH +4) [potion of mutation]
 54819 | Slime:4  | Gained mutation: You are partially covered in iridescent
                  | scales. (AC +2) [potion of mutation]
 54819 | Slime:4  | Gained mutation: Your movements are slightly less
                  | encumbered by armour. (ER -2) [potion of mutation]
 54819 | Slime:4  | Lost mutation: You are frail. (-10% HP) [potion of
                  | mutation]
 54820 | Slime:4  | Lost mutation: You occasionally shout uncontrollably at
                  | your foes. [potion of mutation]
 54820 | Slime:4  | Lost mutation: Your movements are slightly less encumbered
                  | by armour. (ER -2) [potion of mutation]
 54820 | Slime:4  | Gained mutation: You have a pair of large horns on your
                  | head. [potion of mutation]
 54821 | Slime:4  | Lost mutation: Armour fits poorly on your strangely shaped
                  | body. [potion of mutation]
 54821 | Slime:4  | Lost mutation: You have a pair of large horns on your head.
                  | [potion of mutation]
 54821 | Slime:4  | Gained mutation: Your system is resistant to poisons.
                  | (rPois) [potion of mutation]
 54821 | Slime:4  | Gained mutation: You passively dampen the noise of your
                  | surroundings. [potion of mutation]
 54836 | Slime:5  | Reached skill level 27 in Shields
 55500 | Slime:5  | Noticed the Royal Jelly
 55650 | Slime:5  | Killed the Royal Jelly
 55928 | Slime:5  | Identified the staff of Feral Valour {rN+ Int+3 Necro}
 55930 | Slime:5  | Got a slimy rune of Zot
 55949 | Slime:5  | Identified the +0 halberd "Hootus" {heavy, +Blink Fly
                  | Will++}
 55977 | Slime:5  | Identified the death talisman "Icausk" {Stlth+}
 56511 | Depths:4 | Entered Level 4 of the Depths
 56773 | Depths:4 | Found a stormy altar of Qazlal.
 56903 | Depths:4 | Reached skill level 10 in Throwing
 56958 | Depths:4 | Found a gate to the Realm of Zot.
 57174 | Depths:4 | Found Fafitir's Weapon Shoppe.
 57174 | Depths:4 | Found Orchis's Book Emporium.
 57176 | Depths:4 | Found Guigocs's Jewellery Emporium.
 57180 | Depths:4 | Found Wesuubroe's Antique Armour Shoppe.
 57779 | Pan      | Entered Pandemonium
 57783 | Pan      | Identified the +0 pair of gloves of Hiafext {*Slow Dex+4}
 58084 | Pan      | Noticed Teocvirgh the pandemonium lord
 58106 | Pan      | Killed Teocvirgh the pandemonium lord
 58477 | Pan      | Reached XP level 25. HP: 245/245 MP: 35/35
 58701 | Pan      | Noticed Exkeomn the pandemonium lord
 58732 | Pan      | Killed Exkeomn the pandemonium lord
 59014 | Pan      | Reached skill level 27 in Maces & Flails
 60350 | Pan      | Noticed Gaire the pandemonium lord
 60356 | Pan      | Killed Gaire the pandemonium lord
 60490 | Pan      | Entered the realm of Gloorx Vloq.
 61129 | Pan      | Noticed Gloorx Vloq
 61139 | Pan      | Killed Gloorx Vloq
 61157 | Pan      | Got a dark rune of Zot
 61592 | Pan      | Reached skill level 27 in Fighting
 61995 | Pan      | Entered the realm of Cerebov.
 62262 | Pan      | Identified the +1 leather armour of Tulips {Int+3}
 62616 | Pan      | Reached XP level 26. HP: 266/266 MP: 35/35
 62950 | Pan      | Identified the amulet "Icwuj" {RegenMP rC++ Int+2}
 63043 | Pan      | Identified the +6 whip of Painful Death {protect, Dex+3}
 63059 | Pan      | Identified the +1 quarterstaff of Fortitude {flame, rN+
                  | Str+2 Int+2 Dex+3}
 63062 | Pan      | Identified the +4 sling "Tuablon" {elec, rElec rN++ Dex-2
                  | SInv}
 63066 | Pan      | Found the +6 sword of Cerebov {flame}
 63066 | Pan      | Noticed Cerebov
 63106 | Pan      | Killed Cerebov
 63292 | Pan      | Identified the staff of Ekytwiec {rPois rN+ Will- rCorr
                  | Necro Tloc}
 63301 | Pan      | Got a fiery rune of Zot
 63815 | Pan      | Noticed Guschuen the pandemonium lord
 63826 | Pan      | Killed Guschuen the pandemonium lord
 64381 | Pan      | Identified the +1 trident "Uloih" {distort, rN++ Will- SInv
                  | Stlth+}
 64381 | Pan      | Identified the ring of Toqeun Rish {rC+ Str+5}
 64542 | Pan      | Found an exit through the horrors of the Abyss.
 64774 | Pan      | Entered the realm of Lom Lobon.
 65543 | Pan      | Noticed Lom Lobon
 65570 | Pan      | Killed Lom Lobon
 65707 | Pan      | Got a magical rune of Zot
 65835 | Pan      | Entered the realm of Mnoleg.
 66764 | Pan      | Noticed Mnoleg
 66788 | Pan      | Killed Mnoleg
 66821 | Pan      | Gained mutation: Your health recovers twice as slowly from
                  | being drained. [a cacodemon]
 66885 | Pan      | Reached XP level 27. HP: 196/273 MP: 35/35
 66968 | Pan      | Got a glowing rune of Zot
 67305 | Pan      | Reached skill level 27 in Armour
 67397 | Pan      | Gained mutation: You are strong-willed. (Will+) [a
                  | cacodemon]
 67404 | Pan      | Lost mutation: Your muscles are strong. (Str +4, Int/Dex
                  | -1) [a cacodemon]
 67866 | Pan      | Noticed Ijeples the pandemonium lord
 67893 | Pan      | Killed Ijeples the pandemonium lord
 68742 | Pan      | Identified the +1 robe of the Untouchables {^Contam Regen+
                  | Int+6}
 69067 | Pan      | Found an exit through the horrors of the Abyss.
 69391 | Pan      | Reached skill level 15 in Throwing
 69401 | Pan      | Noticed Eneruga the pandemonium lord
 69416 | Pan      | Killed Eneruga the pandemonium lord
 69497 | Pan      | Got a demonic rune of Zot
 70095 | Pan      | Identified the +0 scale mail "Husiof" {Rampage Regen+}
 70742 | Pan      | Found an exit through the horrors of the Abyss.
 70876 | Pan      | Noticed Moicvor the pandemonium lord
 70894 | Pan      | Killed Moicvor the pandemonium lord
 70987 | Depths:1 | Escaped Pandemonium
 71421 | Lair:5   | Killed Noisytoot's ghost
 71700 | Elf:1    | Entered Level 1 of the Elven Halls
 71822 | Elf:1    | Noticed Frances
 71855 | Elf:1    | Killed Frances
 71963 | Elf:1    | Found a runed translucent door.
 71997 | Elf:1    | Noticed Caoroid's ghost (adept DgIE)
 72009 | Elf:1    | Killed Caoroid's ghost
 72291 | Elf:1    | Noticed Roxanne
 72308 | Elf:1    | Killed Roxanne
 72768 | Elf:2    | Identified the +1 chain mail of the Lost Path {rElec Will+
                  | rCorr MP+9}
 73193 | Elf:2    | Found Ovenaus's Weapon Shoppe.
 73369 | Elf:2    | Found a runed translucent gate.
 73369 | Elf:2    | Found a runed translucent gate.
 73375 | Elf:2    | Found a runed translucent gate.
 73391 | Abyss:3  | Found a corrupted altar of Lugonu.
 73391 | Abyss:3  | Cast into level 3 of the Abyss (+1 war axe of distortion)
 73410 | Elf:2    | Escaped the Abyss
 73583 | Elf:2    | Reached skill level 10 in Evocations
 73788 | Elf:3    | Entered Level 3 of the Elven Halls
 73797 | Elf:3    | Identified the +1 leather armour "Doll" {Int+3}
 74368 | Elf:3    | Identified the +5 long sword of Watchfulness {heavy, Dex+3}
 74535 | Elf:3    | Got the Collected Works on Hurting
 74537 | Elf:3    | Identified the staff "Plog" {rPois rF++ MP+9 Alchemy}
 74783 | Elf:3    | Identified the +1 plate armour of the Hot Ocelot {Harm rF+
                  | Stlth+}
 74786 | Elf:3    | Identified the +1 ring mail of Zuytt {Str+3}
 74822 | Elf:3    | Identified the +6 scale mail of Leaves {rF+}
 74848 | Elf:3    | Paralysed by an air elemental for 1 turns
 74941 | Elf:3    | Identified the +9 long sword of Gaennox {speed, Str+4}
 75571 | D:6      | Bought a scroll of fog for 100 gold pieces
 75571 | D:6      | Bought a potion of curing for 75 gold pieces
 75614 | D:7      | Bought a pair of runed boots for 202 gold pieces
 75614 | D:7      | Bought a pair of embroidered boots for 202 gold pieces
 76417 | Depths:1 | Killed Pikuto's ghost
 76421 | Depths:1 | Identified the +6 falchion of Zin's Supremacy {venom, Will+
                  | rCorr MP+9}
 76750 | Zot:1    | Entered Level 1 of the Realm of Zot
 78144 | Zot:2    | Noticed Grunn
 78157 | Zot:2    | Killed Grunn
 78225 | Zot:2    | Found a transporter.
 78294 | Zot:2    | Noticed an orb of fire
 78294 | Zot:2    | Identified the ring "Hesiar" {Will+ Int+5 Dex-5}
 78681 | Zot:2    | Found the +4 dragonskin cloak
 78681 | Zot:2    | Noticed Tiamat
 78906 | Zot:1    | Killed Tiamat
 79495 | Zot:3    | Noticed an orb of fire
 79498 | Zot:3    | Gained mutation: You occasionally lose the ability to drink
                  | potions when taking damage. [an orb of fire]
 79508 | Zot:3    | Killed an orb of fire
 79608 | Zot:3    | Found a runed translucent door.
 79613 | Zot:3    | Noticed Pongem's ghost (legendary MiAK)
 79749 | Zot:3    | Noticed an orb of fire
 79753 | Zot:3    | Gained mutation: Your spells are a little easier to cast,
                  | but a little less powerful. [an orb of fire]
 79758 | Zot:3    | Killed an orb of fire
 79792 | Zot:2    | Gained mutation: Potions are less effective at restoring
                  | your health. [mutagenic glow]
 79885 | Zot:2    | Lost mutation: You expend magic power (3 MP) to strengthen
                  | your wands. [potion of mutation]
 79885 | Zot:2    | Lost mutation: Your health recovers twice as slowly from
                  | being drained. [potion of mutation]
 79885 | Zot:2    | Lost mutation: You are strong-willed. (Will+) [potion of
                  | mutation]
 80037 | Zot:3    | Lost mutation: You passively dampen the noise of your
                  | surroundings. [potion of mutation]
 80037 | Zot:3    | Lost mutation: Your spells are a little easier to cast, but
                  | a little less powerful. [potion of mutation]
 80037 | Zot:3    | Gained mutation: You have hidden genetic potential. [potion
                  | of mutation]
 80037 | Zot:3    | Gained mutation: Your mind is very acute. (Int +8, Str/Dex
                  | -2) [potion of mutation]
 80037 | Zot:3    | Gained mutation: Your body sometimes deteriorates upon
                  | taking damage. [potion of mutation]
 80038 | Zot:3    | Lost mutation: You are agile. (Dex +4, Str/Int -1) [potion
                  | of mutation]
 80038 | Zot:3    | Lost mutation: Your body sometimes deteriorates upon taking
                  | damage. [potion of mutation]
 80038 | Zot:3    | Lost mutation: You occasionally lose the ability to drink
                  | potions when taking damage. [potion of mutation]
 80038 | Zot:3    | Gained mutation: Your spells are a little harder to cast,
                  | but a little more powerful. [potion of mutation]
 80038 | Zot:3    | Gained mutation: You passively map a small area around you.
                  | [potion of mutation]
 80137 | Zot:3    | Killed Pongem's ghost
 80507 | Zot:4    | Paralysed by a jorogumo for 1 turns
 81129 | Zot:4    | Noticed an orb of fire
 81137 | Zot:4    | Gained mutation: You are vulnerable to cold. (rC-) [an orb
                  | of fire]
 81138 | Zot:4    | Killed an orb of fire
 81226 | Zot:4    | Noticed an orb of fire
 81239 | Zot:4    | Gained mutation: You are frail. (-10% HP) [an orb of fire]
 81242 | Zot:4    | Killed an orb of fire
 81888 | Hell     | Entered the Vestibule of Hell
 81888 | Hell     | Noticed Murray
 81888 | Hell     | Noticed Geryon
 81917 | Depths:1 | Killed Murray
 82210 | Hell     | Killed Geryon
 82294 | Hell     | Found a gateway to the Iron City of Dis.
 82349 | Hell     | Found a gateway to the freezing wastes of Cocytus.
 82440 | Hell     | Found a gateway to the decaying netherworld of Tartarus.
 82519 | Hell     | Found a gateway to the ashen valley of Gehenna.
 82632 | Tar:1    | Entered Level 1 of Tartarus
 84146 | Tar:5    | Gained mutation: You have great hidden genetic potential.
                  | [hidden potential]
 84303 | Tar:6    | Reached skill level 27 in Invocations
 84581 | Tar:7    | Entered Level 7 of Tartarus
 86217 | Tar:7    | Identified the +2 ring mail of the Solstice {Fly}
 86381 | Tar:7    | Noticed Ereshkigal
 86412 | Tar:7    | HP: 6/245 [Ereshkigal/+1 morningstar of protection (19)]
 86417 | Tar:7    | Paralysed by Ereshkigal for 4 turns
 86418 | Tar:7    | HP: 12/245 [profane servitor/+3 whip of flaming (7)]
 86419 | Tar:7    | Slain by Ereshkigal

Illustrated notes

Levels and vault maps discovered:
D:1:      dpeg_arrival_circle_labyrinth_c, layout_basic
D:2:      layout_basic, grunt_ministairs_10, eino_curves_03, nicolae_half_adder
D:3:      layout_basic, trog_three_pillars_becter, uniq_crazy_yiuf_cottage
D:4:      layout_gridville, led_xom_imps
D:5:      minmay_razor_zed, layout_loops_corners,
          grunt_temple_overflow_opulence, nicolae_hepliaklqana_hazy_memory,
          uniq_pikel
D:6:      layout_gridville, grunt_dithmenos_shadows, serial_shops, shop
D:7:      layout_rooms, lemuel_zombie_altar_yredelemnul,
          nicolae_overflows_in_rows, cheibrodos_ashenzari_chains,
          minmay_temple_entry_grid, serial_shops, shop, shop, shop, uniq_maggie
D:8:      layout_basic, nicolae_ru_great_annihilating_truth,
          erik_lair_orcish_takeover, supply_closet_lemuel
D:9:      layout_cross, kiku_gazebo_pond_becter, vehumet_altar_wand_db,
          kennysheep_orc_monster_closet_entryway, kennysheep_generic_room_4,
          uniq_prince_ribbit1, uniq_harold
D:10:     layout_stronghold, kennysheep_mini
D:11:     layout_basic, serial_ice, serial_ice_k, serial_ice_h, serial_ice_o,
          serial_ice_f, serial_ice_g, serial_shops, nicolae_shop_mannequins,
          uniq_sonja
D:12:     layout_basic, uniq_erolcha
D:13:     layout_basic, nicolae_trove_entry_diagonal, serial_shops, shop,
          nemelex_lonely_heart_becter
D:14:     layout_gridville, erik_vaults_2, chequers_serial_rivers_micro_a
D:15:     grunt_enter_depths_hoard, layout_irregular_city,
          nicolae_BIG_FREAKIN_CUBE, uniq_agnes
Temple:   ebering_the_one_and_only
Lair:1:   hellmonk_ruined_rings, layout_cave_pods,
          chequers_serial_rivers_micro_c, minmay_holes,
          pdpol_lair_cabin_in_the_woods, serial_bayou_shore_b
Lair:2:   layout_misc_corridors, nicolae_swamp_entry_spooky,
          beast_lair_carwin_3, uniq_amaemon
Lair:3:   layout_regular_city, dummy_spider_entry
Lair:4:   layout_regular_city, minmay_slime_entry_jelly_boxes,
          portal_ice_cave_entry_ice_simulacra, uniq_nessos
Lair:5:   hellmonk_lair_end_abyssal_woods, layout_cave_shapes,
          hellmonk_ghost_happy_afterlife, serial_rivers,
          chequers_serial_rivers_micro_d, chequers_serial_rivers_small_a,
          chequers_serial_rivers_micro_b, chequers_serial_rivers_micro_b,
          chequers_serial_rivers_micro_b
Swamp:1:  layout_falls_marsh, evilmike_swamp_ruin_house_2, swamp_pool_5
Swamp:2:  layout_basic_swamp, nicolae_swamp_bean_lake, uniq_nikola
Swamp:3:  layout_basic_swamp, infiniplex_staircase_pool_2,
          nicolae_swamp_necromancy_gone_wrong
Swamp:4:  swamp_basic_johnstein, layout_basic_swamp, nicolae_swamp_fairy_circle
Spider:1: spiders_nest_scorpion_pit, nicolae_spider_paper_wasps
Spider:2: layout_chambers, uniq_jorgrun, uniq_azrael
Spider:3: layout_spider_delve, special_room [special_room_bee], drop_trap,
          nicolae_spider_altar_of_dancing, hangedman_spider_tarantella_strand
Spider:4: spider_rune_water
Slime:1:  layout_caves, cheibrodos_slime_lost_civilization_7
Slime:2:  layout_caves
Slime:3:  layout_caves, nicolae_slime_ancient_tower_intersection,
          nicolae_slime_rock_hall_of_fame, uniq_dissolution
Slime:4:  layout_caves
Slime:5:  slime_pit_nicolae_royal_road_to_ruin
Orc:1:    layout_caves, basic_altar, elves_outpost_lemuel
Orc:2:    st_orc_ogre_mass, layout_caves, uniq_josephine
Elf:1:    eino_elf_arrival_shootout, layout_gridlike,
          ebering_ghost_reflecting_pool, minmay_elf_sorcery, drop_trap,
          nicolae_elf_deep_mausoleum, uniq_frances, uniq_roxanne
Elf:2:    nicolae_elf_blades_splatter_lattice [mumra_blade_entry_dagger],
          layout_gridlike, serial_shops, nicolae_shop_real_fake_doors
Elf:3:    grunt_elf_hall_diamonds, layout_onion_city, statue_in_the_mist_lemuel,
          nicolae_elf_free_trip_to_the_abyss
Vaults:1: mu_enter_wizlab_5, nicolae_vaults_cochlea, vaults_room_fancy_cross,
          nicolae_vaults_double_plus_2, nicolae_vaults_heart-shaped_vault,
          v_alt_pattern_6, nicolae_vaults_little_squares_6,
          nicolae_vaults_heart-shaped_vault, layout_vaults_chaotic_city,
          serial_shops, shop
Vaults:2: nicolae_vaults_storage_closets_2, vaults_room_fours,
          nicolae_vaults_more_shelving_2, blue_anna_dwarven_crypt,
          vaults_room_octagon, st_cells, nicolae_vaults_more_shelving_1,
          vaults_dpeg_diagonal, nicolae_vaults_sightless_eye,
          ontoclasm_vaults_spin, layout_vaults_ring
Vaults:3: v_pattern_2, minmay_orc_keep, nicolae_vaults_double_plus_1,
          nicolae_vaults_tetromino_Z_2, nicolae_vaults_closet_pinwheel_1,
          grunt_vaults_bifocal, serial_ice_g, hangedman_vaults_slice,
          vaults_room_boxed, layout_vaults_big_cross, serial_shops,
          nicolae_shop_drivethru, nicolae_shop_just_a_little_nook
Vaults:4: v_rooms_3, v_misc_22, v_misc_4, nicolae_vaults_alarming,
          nicolae_vaults_diagonal_hallway_7, nicolae_vaults_six-pack,
          nicolae_vaults_bisected_slash, v_misc_12,
          nicolae_vaults_hallways_thing, nicolae_vaults_yaktaur_gun_rack,
          nicolae_vaults_minivaults, grunt_vaults_hallway_long,
          layout_vaults_maze
Vaults:5
Crypt:1:  layout_misc_corridors, grunt_megastairs_2
Crypt:2:  layout_chaotic_city
Crypt:3:  grunt_crypt_end_deaths_head
Depths:1: layout_gridville, hell_entry, serial_glass, glass_columns_b,
          glass_columns_c, glass_columns_b, glass_columns_b, glass_columns_a,
          ebering_ghost_xom, pan_entry, nicolae_the_louvre
Depths:2: kennysheep_treasure_stockpile, layout_honeycomb, enter_ziggurat_f,
          pan_entry, hell_entry, serial_rivers, chequers_serial_rivers_large_a,
          chequers_serial_rivers_micro_c, chequers_serial_rivers_micro_c,
          chequers_serial_rivers_micro_e, chequers_serial_rivers_small_a,
          chequers_serial_rivers_micro_b
Depths:3: nzn_winding_woodlands_medium [nzn_winding_woodlands_5x5_default,
          nzn_winding_woodlands_5x15_sidewinder,
          nzn_winding_woodlands_5x5_three,
          nzn_winding_woodlands_5x5_closed_star,
          nzn_winding_woodlands_center_garden,
          nzn_winding_woodlands_5x5_perimeter,
          nzn_winding_woodlands_5x5_open_star,
          nzn_winding_woodlands_5x15_river_crossing,
          nzn_winding_woodlands_5x5_default], layout_cave_pools, abyss_entry,
          grunt_mini_vestibule, serial_column_ruins, column_ruins_hut,
          column_ruins_grid_1, column_ruins_open_tiny, column_ruins_open_tiny,
          column_ruins_corridor_corner, column_ruins_columns_corner,
          column_ruins_open_tiny, column_ruins_open_small_water,
          serial_bayou_shore_b
Depths:4: grunt_twist_and_shout, layout_basic, nicolae_qazlal_general_emergency,
          hell_entry, serial_corexii_hall, chequers_hall_statues_y,
          chequers_hall_statues_corner_a, minmay_misc_feat_x,
          chequers_serial_rivers_micro_b, minmay_shoptagon
Hell
Tar:1:    layout_honeycomb, nicolae_tar_cuneiform_two, nicolae_tar_honey_chapel
Tar:2:    layout_grid_maze, nicolae_tar_windowcombs
Tar:3:    layout_catacombs, nicolae_hells_fiendish_ambush
Tar:4:    layout_honeycomb
Tar:5:    layout_honeycomb
Tar:6:    layout_grid_maze
Tar:7:    tar_minmay_river
Zot:1:    kennysheep_bubbly, layout_basic, grunt_megastairs_4
Zot:2:    gammafunk_the_bubble [the_bubble_gammafunk_split], layout_gridlike,
          uniq_grunn, uniq_tiamat
Zot:3:    kennysheep_room_grid, layout_misc_corridors,
          ebering_ghost_reflecting_pool
Zot:4:    layout_gridlike

Skill      XL: |  1  2  3  4  5  6  7  8  9 10 11 12 13 14 15 16 17 18 19 20 21 22 23 24 25 26 27 |
---------------+----------------------------------------------------------------------------------+-----
Maces & Flails | 4 5 7 8 10 12 14 16 18 20 21 24 26 27 | 27.0
Throwing       | 2 3 5 8 12 21 | 21.5
Fighting       | 5 8 11 12 16 17 20 22 24 27 | 27.0
Armour         | 5 6 11 16 17 20 21 26 27 | 27.0
Shields        | 5 8 10 11 14 18 20 21 25 27 | 27.0
Invocations    | 4 6 9 10 12 14 16 18 27 | 27.0
Evocations     | 1 2 5 12 | 12.0
Dodging        | |  3.2

Action                     |  1- 3 |  4- 6 |  7- 9 | 10-12 | 13-15 | 16-18 | 19-21 | 22-24 | 25-27 || total
---------------------------+-------+-------+-------+-------+-------+-------+-------+-------+-------++-------
  Melee: Mace              |    55 |    72 |   116 |       |       |       |       |       |       ||   243
         Headbutt          |    10 |    13 |    72 |   165 |   280 |   485 |   624 |   766 |  1518 ||  3933
         Flail             |       |       |   102 |       |       |       |       |       |       ||   102
         Morningstar       |       |       |    28 |   435 |   188 |       |       |       |       ||   651
         Eveningstar       |       |       |       |       |   802 |   245 |   631 |  1038 |   245 ||  2961
         Sacred scourge    |       |       |       |       |    21 |  1271 |  1076 |   845 |  3803 ||  7016
         Unarmed           |       |       |       |       |       |       |    12 |       |       ||    12
   Fire: Sling             |     3 |     2 |       |       |       |       |       |       |       ||     5
  Throw: Boomerang         |       |     1 |       |    14 |   117 |   215 |    52 |       |       ||   399
         Javelin           |       |       |       |       |       |    14 |     7 |     6 |    16 ||    43
 Invoke: Brand Weapon With |       |       |       |       |     1 |       |       |       |       ||     1
         Cleansing Flame   |       |       |       |       |       |     1 |     2 |       |    46 ||    49
         Summon Divine War |       |       |       |       |       |       |     1 |       |     5 ||     6
         Divine Shield     |       |       |       |       |       |       |     1 |       |     1 ||     2
  Evoke: Wand              |       |       |     4 |     9 |       |    15 |    12 |     5 |     2 ||    47
         Lightning rod     |       |       |       |       |     4 |     9 |     6 |     4 |       ||    23
         Phial of floods   |       |       |       |       |       |       |       |     1 |     1 ||     2
         Tin of tremorston |       |       |       |       |       |       |       |       |     2 ||     2
         Phantom mirror    |       |       |       |       |       |       |       |       |     1 ||     1
    Use: Scroll            |       |       |       |    16 |    11 |    16 |     9 |     8 |    21 ||    81
         Potion            |       |       |       |     5 |       |     2 |    16 |     9 |    22 ||    54
   Stab: Sleeping          |       |       |     1 |       |       |       |       |       |       ||     1
 Armour: Robe              |    15 |       |       |       |       |       |       |       |       ||    15
         Ring mail         |     4 |       |       |       |       |       |       |       |       ||     4
         Leather armour    |     6 |    44 |   134 |    22 |       |       |       |       |       ||   206
         Plate armour      |       |       |       |   306 |    89 |       |       |       |       ||   395
         Crystal plate arm |       |       |       |       |   607 |  1648 |  1503 |  1447 |  2262 ||  7467
         Skin              |       |       |       |       |       |       |     7 |       |       ||     7
  Dodge: Dodged            |    35 |    44 |   168 |   165 |   207 |   371 |   347 |   366 |   597 ||  2300
  Block: Kite shield       |       |       |       |   199 |   603 |   986 |  1076 |  1435 |  2422 ||  6721
         Tower shield      |       |       |       |       |       |       |       |       |  1401 ||  1401
